Map: Blackpink LE

Players

Erfeyah - Winner!

  • Race: Terran Terran
  • Spawn Location: 1:00

A.I. 1 (Easy)

  • Race: Protoss Protoss
  • Spawn Location: 7:00

VOD

Have the link to the VOD?

Description

Time

  • Played on: Nov. 24, 2017, 7 a.m.
  • Length: 12:27
Show
View Real Time Build Order
Export as new Build Order

Erfeyah Terran - Winner!

Build Orders:  

Get SALT Encoding   

  12  0:01  SCV  
  13  0:25  Supply Depot  
  13  0:28  SCV  
  14  0:40  SCV, Refinery  
  15  0:52  SCV  
  16  1:02  Barracks  
  16  1:08  SCV  
  17  1:20  SCV  
  18  1:38  SCV  
  19  1:50  SCV  
  19  1:51  Supply Depot  
  20  2:01  Barracks  
  20  2:16  Factory  
  20  2:18  SCV  
  21  2:30  SCV  
  22  2:47  Command Center  
  22  3:09  Supply Depot  
  22  3:12  SCV  
  23  3:15  Marine  
  24  3:24  SCV, Marine  
  26  3:33  Marine, Supply Depot  
  27  3:36  SCV  
  28  3:42  Marine  
  28  3:47  Supply Depot  
  29  3:50  Marine  
  30  4:05  Supply Depot  
  30  4:10  Supply Depot  
  30  4:29  Factory Tech Lab  
  30  4:38  Barracks  
  30  4:42  Refinery  
  30  4:46  Marine x2  
  32  5:04  Marine x2  
  34  5:14  Starport  
  34  5:22  Marine x2  
  34  5:26  Starport  
  36  5:37  SCV  
  36  5:38  SCV, Starport  
  36  5:39  Marine  
  36  5:40  Marine x2  
  41  5:49  SCV  
  42  5:50  SCV  
  42  5:57  Marine x2  
  43  5:58  Marine  
  43  6:02  Medivac x2  
  50  6:14  Marine  
  50  6:15  Marine x2, Supply Depot  
  53  6:26  SCV x2  
  53  6:32  Medivac x2, Marine  
  59  6:33  Marine x2  
  59  6:38  Supply Depot  
  62  6:45  Refinery  
  62  6:47  SCV, Refinery  
  63  6:59  SCV  
  64  7:11  SCV  
  65  7:23  SCV  
  66  7:32  SCV  
  66  7:33  Marine x3  
  66  7:35  SCV  
  70  7:38  Medivac x2  
  70  7:39  Medivac  
  76  7:45  SCV  
  76  7:47  SCV  
  76  7:51  Marine x3  
  78  7:57  SCV  
  82  7:59  SCV  
  83  8:08  Medivac  
  83  8:09  SCV, Marine x3  
  83  8:11  SCV  
  90  8:24  Command Center  
  90  8:26  Marine  
  90  8:27  Marine x2  
  90  8:30  SCV  
  94  8:41  Medivac x2  
  94  8:42  SCV, Medivac  
  94  8:44  Marine  
  102  9:05  Supply Depot  
  102  9:26  Medivac x2, Marine x2  
  102  9:27  SCV  
  102  9:29  Supply Depot  
  109  9:35  Medivac  
  109  9:36  Marine  
  112  9:44  Marine x2  
  114  9:52  Supply Depot  
  114  9:54  Marine  
  114  9:56  Medivac x2  
  119  10:02  Marine  
  119  10:05  Medivac  
  122  10:11  Supply Depot  
  122  10:26  Medivac x2  
  126  10:29  SCV x2, Marine x2  
  126  10:30  Marine  
  126  10:35  Medivac  
  133  10:43  SCV x2  
  133  10:47  Marine x3  
  138  10:56  Medivac x2  
  141  11:05  Medivac, Marine x3  
  143  11:23  Reaper x2  
  144  11:26  Medivac x2  
  148  11:35  Medivac  
  147  11:56  Medivac  
Show
View Real Time Build Order
Export as new Build Order

A.I. 1 (Easy) Protoss 

Build Orders:  

Get SALT Encoding   

  12  0:00  Probe  
  13  0:13  Probe  
  14  0:20  Pylon  
  14  0:25  Probe  
  15  0:38  Probe  
  16  0:43  Assimilator  
  16  0:51  Gateway  
  16  0:53  Pylon  
  16  1:19  Assimilator  
  16  1:40  Cybernetics Core  
  16  1:41  Zealot  
  18  2:08  Pylon  
  18  2:10  Probe  
  19  2:16  Stalker  
  19  2:21  Warp Gate  
  19  2:22  Probe  
  22  2:34  Probe  
  23  2:46  Probe  
  23  2:49  Adept  
  26  2:59  Probe  
  27  3:11  Probe  
  28  3:21  Stalker  
  30  3:53  Adept  
  32  6:52  Sentry  
  32  6:53  Probe, Pylon  
  35  7:01  Nexus  
  35  7:11  Probe  
  35  7:13  Robotics Facility  
  36  7:16  Pylon  
  36  7:17  Stalker  
  38  7:24  Probe  
  35  7:43  Sentry  
  31  8:02  Observer  
  32  8:09  Adept  
  34  8:14  Probe  
  34  8:18  Probe  
  36  8:23  Observer  
  36  8:25  Assimilator  
  36  8:26  Probe  
  38  8:28  Assimilator  
  38  8:30  Probe  
  39  8:35  Stalker  
  39  8:38  Probe  
  42  8:42  Probe  
  43  8:50  Probe  
  43  8:54  Probe  
  45  9:00  Stalker  
  45  9:02  Probe  
  48  9:07  Probe  
  49  9:14  Probe  
  50  9:19  Probe  
  51  9:26  Probe, Zealot  
  51  9:31  Probe  
  55  9:38  Probe  
  55  9:43  Probe  
  57  9:51  Probe  
  58  9:55  Probe  
  59  10:03  Probe  
  60  10:07  Probe  
  61  10:55  Sentry  
  57  11:01  Pylon  
  52  11:04  Probe  
  52  11:09  Probe  
  52  11:10  Immortal  
  47  11:17  Probe  
  37  11:24  Stalker  
  36  11:29  Probe  
  26  11:41  Probe  
  23  11:52  Pylon  
  23  11:53  Probe  
  23  12:01  Pylon  
  20  12:10  Zealot  
Tags
 
Add a new tag
Caveats
  • Supply blocks, unpowered buildings, or Contaminate may cause inaccurate times.
  • Supply counts are checked every 10 seconds.